 Dungeon Crawl Stone Soup version 0.25.1-2-g60ff931df9 (webtiles) character file.

Game seed: 15839335914255396776

829 GeoCrane the Skirmisher (level 7, -2/66 HPs)
             Began as a Hill Orc Fighter on Aug 5, 2020.
             Was an Initiate of Beogh.
             Killed by divine providence
             ... invoked by an orc priest
              (14 damage)
             ... on level 6 of the Dungeon on Aug 16, 2020.
             The game lasted 01:06:04 (5410 turns).

GeoCrane the Skirmisher (Hill Orc Fighter)          Turns: 5410, Time: 01:06:17

Health: -2/66      AC:  7    Str: 21    XL:     7   Next: 97%
Magic:  7/7        EV:  8    Int:  8    God:    Beogh [......]
Gold:   247        SH:  9    Dex: 10    Spells: 6/6 levels left

rFire    . . .     SeeInvis .   a - +0 long sword
rCold    . . .     Gourm    .   c - +0 kite shield
rNeg     . . .     Faith    .   b - +0 scale mail
rPois    .         Spirit   .   (no helmet)
rElec    .         Reflect  .   (no cloak)
rCorr    .         Harm     .   (no gloves)
MR       .....                  (no boots)
Stlth    ..........             (no amulet)
HPRegen  0.21/turn              (no ring)
MPRegen  0.10/turn              (no ring)

@: no status effects
A: no striking features
a: Renounce Religion


You were on level 6 of the Dungeon.
You worshipped Beogh.
Beogh was noncommittal.
You were hungry.

You visited 1 branch of the dungeon, and saw 6 of its levels.

You collected 247 gold pieces.

Inventory:

Hand Weapons
 a - a +0 long sword (weapon)
 h - a +0 dagger
 r - a +0 scythe
 u - a +0 shortbow
Missiles
 y - 25 arrows
Armour
 b - a +0 scale mail (worn)
 c - a +0 kite shield (worn)
 l - a +0 leather armour
 o - a +0 scale mail
 s - a +0 robe
 t - a +0 chain mail
 w - a +0 ring mail
Jewellery
 i - a cursed ring of teleportation {unknown}
Wands
 z - a wand of paralysis (5)
Scrolls
 e - 6 scrolls of teleportation {unknown}
 g - 11 scrolls of identify {unknown}
 j - a scroll of amnesia {unknown}
 k - 2 scrolls of fear {unknown}
 n - 2 scrolls of magic mapping {unknown}
 v - a scroll of enchant weapon {unknown}
 x - a scroll of fog {unknown}
Potions
 d - 2 potions of might
 m - 4 potions of curing {unknown}
 p - 2 potions of stabbing {unknown}
 q - 3 potions of heal wounds {unknown}
Comestibles
 f - 2 rations


   Skills:
 + Level 7.1 Fighting
 * Level 4.5 Long Blades
 + Level 6.6 Armour
 - Level 1.1 Dodging
 - Level 4.0 Shields


You had 6 spell levels left.
You didn't know any spells.
Your spell library was empty.

Dungeon Overview and Level Annotations

Branches:
Dungeon (6/15)
 Temple: D:4-7

Altars:
Hepliaklqana
Makhleb
Nemelex Xobeh
Sif Muna
Yredelemnul
Zin
The Shining One


Message History

You don't know any spells.
You don't know any spells.
Okay, then.
Evoke which item? (* to show all) (? for menu, Esc to quit)
Aiming: Paralyse
Press: ? - help, Shift-Dir - straight line, f - orc wizard
Aim: an orc wizard, wielding a +0 dagger and wearing a +0 robe (moderately wounded, fast, chance to defeat MR: 46%)
The orc wizard suddenly stops moving!
The orc hits you but does no damage.
Evoke which item? (* to show all) (? for menu, Esc to quit)
Aiming: Paralyse
Press: ? - help, Shift-Dir - straight line, f - orc, p - orc wizard
Aim: an orc, wearing a +0 ring mail (chance to defeat MR: 63%)
The orc suddenly stops moving!
The helpless orc wizard fails to defend itself.
You hit the orc wizard.
The orc wizard is heavily wounded.
The orc priest mumbles some strange prayers to Beogh against you.
Beogh smites you!
You die...
Beogh appreciates the orc priest's killing of a heretic priest.

.#.. ..# ..# ..# #.# #.#
≈≈≈ #o# ≈≈≈ #@# ≈≈≈≈ ##o#
≈≈≈≈≈≈≈≈≈≈≈≈..#oO#
.≈≈≈≈≈≈≈≈≈....#.o#
...≈≈≈≈≈.........#
.................#
..............#..#########
##........#.......%.......
............#...#....#####


You could see an ogre, an orc priest, an orc wizard (paralysed) and 2 orcs.

Vanquished Creatures
  Sigmund (D:4)
  2 ogres (D:5)
  A phantom (D:5)
  A centaur (D:5)
  2 hounds (D:5)
  4 orc wizards
  Ijyb (D:3)
  A worker ant (D:5)
  A hound skeleton (D:5)
  5 adders
  2 oozes (D:3)
  2 worms (D:2)
  5 dart slugs
  5 leopard geckos
  4 orcs
  5 bats
  5 giant cockroaches
  8 goblins
  11 hobgoblins
  4 jackals (D:1)
  4 quokkas
  2 ball pythons
  A frilled lizard (D:1)
  A jackal skeleton (D:4)
  6 kobolds
  5 rats
89 creatures vanquished.

Vanquished Creatures (others)
  2 orc priests (D:5)
  An orc (D:5)
  A bush (D:5)
4 creatures vanquished.

Grand Total: 93 creatures vanquished

Notes
Turn   | Place    | Note
-------+----------+-------------------------------------------
     0 | D:1      | GeoCrane the Hill Orc Fighter began the quest for the Orb.
     0 | D:1      | Reached XP level 1. HP: 19/19 MP: 1/1
   115 | D:1      | Reached XP level 2. HP: 25/27 MP: 2/2
   403 | D:1      | Reached XP level 3. HP: 28/33 MP: 3/3
  1051 | D:2      | Reached skill level 4 in Fighting
  1064 | D:2      | Found a sparkling altar of Nemelex Xobeh.
  1225 | D:2      | Reached XP level 4. HP: 36/40 MP: 4/4
  1386 | D:2      | Reached skill level 1 in Dodging
  2150 | D:3      | Noticed Ijyb
  2153 | D:3      | Paralysed by Ijyb for 6 turns
  2161 | D:3      | Paralysed by Ijyb for 7 turns
  2171 | D:3      | Paralysed by Ijyb for 2 turns
  2178 | D:3      | Killed Ijyb
  2178 | D:3      | Reached XP level 5. HP: 39/46 MP: 5/5
  2474 | D:3      | Found a basalt altar of Yredelemnul.
  2666 | D:3      | Found a shimmering blue altar of Sif Muna.
  2911 | D:3      | G
  3106 | D:4      | Reached skill level 5 in Fighting
  3118 | D:4      | Reached XP level 6. HP: 33/56 MP: 6/6
  3338 | D:4      | Noticed Sigmund
  3362 | D:4      | Killed Sigmund
  3362 | D:4      | Reached skill level 5 in Armour
  3604 | D:4      | Reached skill level 6 in Fighting
  3989 | D:5      | Entered Level 5 of the Dungeon
  4015 | D:5      | Reached XP level 7. HP: 48/63 MP: 7/7
  4461 | D:5      | Became a worshipper of Beogh the Brigand
  4973 | D:5      | Found a glowing silver altar of Zin.
  4973 | D:5      | Found a hazy altar of Hepliaklqana.
  4973 | D:5      | Found a glowing golden altar of the Shining One.
  5022 | D:5      | Reached skill level 7 in Fighting
  5174 | D:5      | Found a burning altar of Makhleb.
  5410 | D:6      | Killed from afar by an orc priest

Illustrated notes

...# ##8###8## ########..# #.#
...##8...8...8##.....###.#####.##
...##..?......##.....+...........
...#>........._#.....####.####.##
...##.........##.....#..........#
#'###8().8...8##...........###..#
#.# ##8###8# #..#....#.#.###..#
#.# ###########..######.#..##..#
#.# #..........@...........##..#
#.# #.........#########.#..##..#
..####.........#......##.#......#
...............#.####.##.#...#.##
......#.########.## #.##.#.......
......#...>.......###.#....#.....
..#####...........##<.######.#..#
..# #...........##............#
†.# #......[....##.#######...##


Turn 2911 on D:3: G

Levels and vault maps discovered:
D:1:      moated_graveyard_arrival, layout_loops_ring,
          chequers_serial_rivers_marsh, minmay_pentomino_p2
D:2:      layout_loops_corners, nemelex_xobeh_ov_fountains_minmay
D:3:      layout_basic, nicolae_overflow_hidden_temple, led_sif_book, uniq_ijyb
D:4:      layout_basic, first_ration, uniq_sigmund
D:5:      layout_basic, nicolae_overflow_crystal_walls,
          gammafunk_temple_overflow_forgotten, kb_lookout_dungeons_type
D:6:      cheibrodos_fertilizer, layout_rooms, temple_pool_b, serial_shops,
          nicolae_shop_overgrown_old_shop, uniq_duvessa

Skill      XL: |  1  2  3  4  5  6  7 |
---------------+----------------------+-----
Fighting       | 4 5 6 7 |  7.1
Long Blades    | 3 4 |  4.5
Dodging        | 1 |  1.1
Shields        | 4 |  4.0
Armour         | 4 5 6 |  6.6

Action                   |  1- 3 |  4- 6 |  7- 9 || total
-------------------------+-------+-------+-------++-------
Melee: Long sword        |   155 |   191 |    88 ||   434
Invok: Convert to Beogh  |       |       |     1 ||     1
Evoke: Wand              |       |       |     2 ||     2
  Use: Potion            |     1 |       |       ||     1
 Stab: Paralysed         |       |       |     1 ||     1
  Eat: Chunk             |     1 |     8 |     2 ||    11
       Ration            |       |     1 |       ||     1
Armor: Scale mail        |    86 |    59 |    28 ||   173
Dodge: Dodged            |    59 |    57 |    18 ||   134
Block: Kite shield       |    94 |    84 |    52 ||   230
       Rpst.: Long sword |    19 |    14 |     8 ||    41
